 Dungeon Crawl Stone Soup version 0.29.1-1-gd02db6906a (webtiles) character file.

Game seed: 16369306182567784320

910 virigoth the Slasher (level 7, -1/56 HPs)
             Began as a Demonspawn Gladiator on Sept 20, 2022.
             Killed by divine providence
             ... invoked by an orc priest
              (14 damage)
             ... on level 6 of the Dungeon.
             The game lasted 00:24:36 (5365 turns).

virigoth the Slasher (Demonspawn Gladiator)         Turns: 5365, Time: 00:24:37

Health: -1/56      AC: 17    Str: 16    XL:     7   Next: 81%
Magic:  7/7        EV: 10    Int: 16    God:
Gold:   135        SH:  0    Dex: 14    Spells: 6/6 levels left

rFire   . . .      SeeInvis .   a - +0 long sword
rCold   . . .      Faith    .   (no shield)
rNeg    . . .      Spirit   .   B - +2 scale mail {rPois}
rPois   +          Reflect  .   p - +0 helmet
rElec   .          Harm     .   (no cloak)
rCorr   .          Rampage  .   m - +0 pair of gloves
Will    .....                   (no boots)
Stlth   ..........              (no amulet)
HPRegen 0.18/turn               y - +6 ring of intelligence
MPRegen 0.20/turn               C - +4 ring of protection

@: no status effects
A: molten scales 1, magic regeneration, demonic magic 1, weakness stinger 1
a: no special abilities


You were on level 6 of the Dungeon.
You visited 1 branch of the dungeon, and saw 7 of its levels.

You collected 228 gold pieces.
You spent 93 gold pieces at shops.

Inventory:

Hand Weapons
 a - a +0 long sword (weapon)
 j - a +0 dagger of venom
 n - a +0 mace
 o - a +0 dagger of speed
Missiles
 d - 3 throwing nets
 e - a javelin (quivered)
Armour
 c - a +0 helmet
 m - a +0 pair of gloves (worn)
 p - a +0 helmet (worn)
 B - a +2 scale mail of poison resistance (worn)
 D - +0 fire dragon scales
 E - a +2 leather armour of positive energy
Jewellery
 x - a ring of positive energy
 y - a +6 ring of intelligence (left hand)
 C - a +4 ring of protection (right hand)
Wands
 l - a wand of paralysis (11)
Scrolls
 b - a scroll of identify
 h - 3 scrolls of enchant armour
 r - a scroll of fog {unknown}
 s - a scroll of magic mapping {unknown}
 t - a scroll of immolation {unknown}
 u - 2 scrolls of silence
 w - a scroll of noise {unknown}
 z - a scroll of torment {unknown}
 A - a scroll of fear {unknown}
Potions
 f - 3 potions of flight
 g - a potion of resistance
 i - a potion of attraction {unknown}
 k - a potion of might


   Skills:
 * Level 5.0 Fighting
 + Level 6.6 Long Blades
 - Level 1.7 Throwing
 * Level 3.1 Armour
 - Level 2.6 Dodging


You had 6 spell levels left.
You didn't know any spells.
Your spell library was empty.

Dungeon Overview and Level Annotations

Branches:
Dungeon (7/15)
 Temple: D:4-7

Altars:
Cheibriados
Fedhas
Hepliaklqana
Kikubaaqudgha
Nemelex Xobeh
Sif Muna
Uskayaw
Wu Jian

Shops:
D:3 ??=*:   D:4 :   D:5 ?

Annotations:
D:5 1 runed translucent door, Fractals's ghost, novice GrFE
D:6 Menkaure


Innate Abilities, Weirdness & Mutations

You are partially covered in molten scales. (AC +2)
You regenerate magic rapidly.
Spells you cast may paralyse adjacent enemies.
You have a small tail.


Message History

The hound is heavily wounded.
The hound bites you. The hound bites you but does no damage.
You hit the hound but do no damage.
The hound is heavily wounded.
The hound stops to sniff the ground.
The hound bites you but does no damage.
The orc priest looks encouraged for a moment.
You miss the hound.
You tail-slap the hound, but do no damage.
The hound is heavily wounded.
The hound bites you but does no damage. The hound closely misses you.
You hit the hound.
Your tail-slap misses the hound.
The hound is severely wounded.
The hound bites you but does no damage.
The orc wizard shouts!
You slash the hound!
You kill the hound!
You hear a shout!
An orc comes into view. It is wielding a +0 short sword.
The orc wizard gestures wildly while chanting.
The orc wizard flickers and vanishes!
Deactivating autopickup; reactivate with Ctrl-A.
Your Fighting skill increases to level 5!
You hit the orc warrior but do no damage.
The orc priest looks braver for a moment.
The orc warrior closely misses you.
You hit the orc warrior but do no damage.
Your tail-slap misses the orc warrior.
The orc priest invokes the aid of Beogh against you.
Beogh smites you!
The orc warrior hits you with a +0 dire flail!!
* * * LOW HITPOINT WARNING * * *
Unknown command.
Okay, then.
You feel better. The orc warrior barely misses you.
The orc warrior attacks as you move away!
The orc warrior hits you but does no damage.
The orc priest mumbles some strange prayers to Beogh against you.
Beogh smites you!
You die...

########.# ##.....
#......#.# ##..#.
#.......)# ##.<.
#.......## ##..
#.......## ...
#........### ....
#..........####
#....
#..............
#....
#######@.......
#.... #.#......
#.... #o#......
#.###.... #{# ..##
########o####.##
#..>...oo..#....
................
........o..........


You could see an orc warrior, an orc priest and 2 orcs.

Vanquished Creatures
  A phantom (D:5)
  A bullfrog (D:6)
  3 scorpions
  A necrophage (D:4)
  2 jellies
  3 hounds
  3 orc priests
  3 iguanas
  An orc wizard (D:4)
  Robin (D:2)
  5 adders
  4 gnolls (D:4)
  A worm (D:3)
  A dart slug (D:2)
  10 orcs
  10 ball pythons
  2 endoplasms
  4 giant cockroaches
  15 goblins
  9 hobgoblins
  4 kobolds
  3 quokkas
  5 bats (D:1)
  5 frilled lizards
  A rat (D:2)
98 creatures vanquished.

Notes
Turn   | Place    | Note
-------+----------+-------------------------------------------
     0 | D:1      | virigoth the Demonspawn Gladiator began the quest for the
                  | Orb.
     0 | D:1      | Reached XP level 1. HP: 16/16 MP: 1/1
   296 | D:1      | Reached skill level 3 in Long Blades
   296 | D:1      | Gained mutation: You are partially covered in molten
                  | scales. (AC +2) [demonic ancestry]
   296 | D:1      | Reached XP level 2. HP: 23/23 MP: 2/2
   296 | D:1      | Found a faded altar of an unknown god.
   773 | D:2      | Reached XP level 3. HP: 28/28 MP: 3/3
   849 | D:2      | Gained mutation: Spells you cast may paralyse adjacent
                  | enemies. [demonic ancestry]
   849 | D:2      | Reached XP level 4. HP: 30/35 MP: 4/4
  1065 | D:2      | Noticed Robin
  1099 | D:2      | Killed Robin
  1100 | D:2      | Reached skill level 4 in Long Blades
  1381 | D:3      | Found Ekkizeus's Jewellery Shop.
  1468 | D:3      | Found Luplet's Magic Scroll Boutique.
  1597 | D:3      | Bought a scroll of identify for 28 gold pieces
  1626 | D:3      | Found Ifomm's Magic Scroll Emporium.
  1632 | D:3      | Bought a scroll of identify for 26 gold pieces
  1632 | D:3      | Bought a scroll of teleportation for 39 gold pieces
  1639 | D:3      | Found Kewil's General Store.
  1678 | D:3      | Found Ogapto's Book Emporium.
  1721 | D:4      | Noticed a necrophage
  1765 | D:3      | Gained mutation: You have a small tail. [demonic ancestry]
  1765 | D:3      | Reached XP level 5. HP: 41/41 MP: 5/5
  1826 | D:3      | Found a shimmering blue altar of Sif Muna.
  1827 | D:3      | Found a snail-covered altar of Cheibriados.
  1829 | D:3      | Found an ornate altar of the Wu Jian Council.
  1834 | D:3      | Found an ancient bone altar of Kikubaaqudgha.
  1834 | D:3      | Found a hide-covered altar of Uskayaw.
  1847 | D:3      | Found a blossoming altar of Fedhas.
  2233 | D:5      | Entered Level 5 of the Dungeon
  2561 | D:4      | Reached skill level 5 in Long Blades
  2807 | D:4      | Paralysed by an orc for 4 turns
  2818 | D:4      | Paralysed by an orc for 4 turns
  2846 | D:4      | Found Buvezene's Book Emporium.
  2874 | D:4      | Reached XP level 6. HP: 12/47 MP: 6/6
  3705 | D:4      | Reached skill level 6 in Long Blades
  3798 | D:4      | Reached skill level 1 in Armour
  4040 | D:5      | Noticed Fractals's ghost (novice GrFE)
  4043 | D:5      | Found a runed translucent door.
  4044 | D:5      | ghost here, 3 inv, flame weapon, unpot
  4071 | D:5      | Gained mutation: You regenerate magic rapidly. [demonic
                  | ancestry]
  4071 | D:5      | Reached XP level 7. HP: 46/53 MP: 7/7
  4200 | D:6      | Found a hazy altar of Hepliaklqana.
  4392 | D:6      | Noticed Menkaure
  5024 | D:5      | Found Beohick's Magic Scroll Emporium.
  5303 | D:6      | Found a sparkling altar of Nemelex Xobeh.
  5361 | D:6      | Reached skill level 5 in Fighting
  5365 | D:6      | Killed from afar by an orc priest

Illustrated notes

..###...## ..##⌠##...##
.##...##...##
##..?..##...#
+...♣..⌠#...#
##..!..##...#
.##..W##....############
..##⌠##.....?...........
...###.@.###############
#.......## ##.....##
#.#..# # #.. ##. . #


Turn 4044 on D:5: ghost here, 3 inv, flame weapon, unpot

Levels and vault maps discovered:
D:1:      noname_arrival_rooms_in_the_neighbourhood, layout_basic,
          hellmonk_ecumenical_altar_pennies_from_heaven
D:2:      layout_basic, chequers_serial_rivers_micro_b, uniq_robin
D:3:      layout_basic, minitemple, serial_shops, nicolae_square_shop,
          shop_statue, shop_fountains, shop_statue, nicolae_shop_waterfront
D:4:      layout_loops_corners, dreamdust_divine_triumvirate, serial_shops,
          nicolae_take_the_stairs, kennysheep_small_square
D:5:      layout_basic, hellmonk_ghost_happy_afterlife, serial_shops,
          nicolae_shop_behind_doors, enter_ossuary_5, due_unseen_surprise
D:6:      layout_rooms, overflow_temple_1_default,
          mainiacjoe_overflow_cross_hatched, uniq_sigmund, uniq_menkaure,
          uniq_maggie, uniq_blork_the_orc
D:7:      layout_cave_pods, minmay_temple_entry_from_below_a, minmay_hedge_maze,
          sigmund_army

Skill      XL: |  1  2  3  4  5  6  7 |
---------------+----------------------+-----
Long Blades    | 3 4 5 6 |  6.6
Fighting       | 3 5 |  5.0
Armour         | 1 3 |  3.1
Throwing       | |  1.7
Dodging        | |  2.6

Action                   |  1- 3 |  4- 6 |  7- 9 || total
-------------------------+-------+-------+-------++-------
Melee: Long sword        |    98 |   222 |    73 ||   393
       Tailslap          |       |    15 |    14 ||    29
       Punch             |       |     2 |     1 ||     3
Throw: Javelin           |       |     1 |       ||     1
  Use: Scroll            |       |    10 |       ||    10
       Potion            |       |     1 |     2 ||     3
Armor: Ring mail         |    77 |    47 |       ||   124
       Scale mail        |       |    78 |    48 ||   126
Dodge: Dodged            |    96 |   150 |    45 ||   291
